 Dungeon Crawl Stone Soup version 0.23.2-1-ga50397a (webtiles) character file.

Game seed: 4968597170480628686

58 Kahibar the Ruffian (level 3, -1/28 HPs)
             Began as a Draconian Transmuter on May 16, 2019.
             Slain by an adder (5 damage)
             ... on level 2 of the Dungeon.
             The game lasted 00:27:12 (2933 turns).

Kahibar the Ruffian (Draconian Transmuter)          Turns: 2933, Time: 00:27:13

Health: -1/28      AC:  6    Str: 13    XL:     3   Next: 76%
Magic:  6/6        EV: 12    Int: 13    God:
Gold:   83         SH:  0    Dex: 11    Spells: 5/6 levels left

rFire    . . .     SeeInvis .   a - +0 short sword
rCold    . . .     Gourm    .   (no shield)
rNeg     . . .     Faith    .   (armour unavailable)
rPois    .         Spirit   .   (helmet restricted)
rElec    .         Reflect  .   (no cloak)
rCorr    .         Harm     .   v - +0 pair of gloves
MR       .....                  (no boots)
Stlth    +.........             (no amulet)
HPRegen  0.09/turn              (no ring)
MPRegen  0.10/turn              (no ring)

@: lethally poisoned (-1 -> -5)
A: unfitting armour, cold-blooded, AC +5
a: no special abilities


You were on level 2 of the Dungeon.
You were not hungry.

You visited 1 branch of the dungeon, and saw 2 of its levels.

You collected 83 gold pieces.

Inventory:

Hand Weapons
 a - a +0 short sword (weapon)
 b - a +0 hunting sling
Missiles
 f - 3 tomahawks (quivered)
 h - 20 bolts
 i - 30 arrows
 j - 9 stones
 p - 37 sling bullets
Armour
 v - a +0 pair of gloves (worn)
Scrolls
 d - a scroll of enchant weapon {unknown}
 g - a scroll of identify {unknown}
 k - a scroll of teleportation {unknown}
 r - a scroll of remove curse {unknown}
 s - a scroll of fog {unknown}
 t - a scroll of magic mapping {unknown}
Potions
 e - a potion of might {unknown}
 l - a potion of cancellation {unknown}
 m - a potion of flight {unknown}
 n - a potion of brilliance {unknown}
 o - a potion of mutation {unknown}
 q - a potion of lignification {unknown}
Comestibles
 c - 3 rations


   Skills:
 + Level 1.4 Fighting
 + Level 0.7 Short Blades
   Level 0.5 Maces & Flails
 + Level 0.6 Throwing
 + Level 2.3 Dodging
 - Level 3.3 Unarmed Combat
 + Level 2.2 Spellcasting
 + Level 2.4 Transmutations


You had 5 spell levels left.
You knew the following spells:

 Your Spells              Type           Power        Failure   Level  Hunger
a - Beastly Appendage     Tmut           #.....       9%          1    ##.....

Your spell library contained the following spells:

 Spells                   Type           Power        Failure   Level  Hunger
 Sticks to Snakes         Tmut           #.......     14%         2    ###....
 Spider Form              Tmut/Pois      #.........   41%         3    ####...
 Ice Form                 Ice/Tmut       #.......     83%         4    #####..
 Blade Hands              Tmut           #.........   94%         5    ######.


Dungeon Overview and Level Annotations

Branches:
Dungeon (2/15)

Altars:
Yredelemnul


Innate Abilities, Weirdness & Mutations

Your plain brown scales are hard. (AC +5)
You cannot fit into any form of body armour.
You are cold-blooded and may be slowed by cold attacks.


Message History

You see here a +0 hunting sling.
You feel sick. The adder bites you.
You feel sick.
You are no longer poisoned.
The adder bites you but does no damage. The adder bites you.
* * * LOW HITPOINT WARNING * * *
You are lethally poisoned!
The adder poisons you!
* * * LOW HITPOINT WARNING * * *
You feel sick.
* * * LOW HITPOINT WARNING * * *
You feel sick. The adder barely misses you.
* * * LOW HITPOINT WARNING * * *
You feel sick.
* * * LOW HITPOINT WARNING * * *
You feel sick. The adder bites you.
You die...

#.......##......#####)....##..##
#.####+###......#..............#
#......######.###.###......##..#
###.....#####.# #.# #......##..#
#...........# #.# #......##...
#.....####### #.# ####.#.##...
## #####.# #.######.#.##.#. .#
#.#########......#.#.##.#. .#
#.#.....S@.......# #.##.#. .#
#.#.#######......# #.##.#. .#
#.#.# ######## #.##.## .# #.#.#
#.#.##.## .# #.# #.#.##.## ##
#.# #.#)##.## ###### #.#
##.#...... ###....###.#
#........# ..)..).....#
#........#


You could see an adder.

Vanquished Creatures
  2 adders (D:2)
  A worm (D:2)
  A leopard gecko (D:1)
  A bat (D:1)
  9 goblins
  5 hobgoblins
  3 jackals (D:2)
  3 kobolds (D:1)
  A quokka (D:2)
  A frilled lizard (D:1)
  5 rats (D:1)
32 creatures vanquished.

Notes
Turn   | Place    | Note
-------+----------+-------------------------------------------
     0 | D:1      | Kahibar the Draconian Transmuter began the quest for the
                  | Orb.
     0 | D:1      | Reached XP level 1. HP: 16/16 MP: 3/3
   363 | D:1      | Reached XP level 2. HP: 14/23 MP: 5/5
  2011 | D:2      | Found a basalt altar of Yredelemnul.
  2030 | D:2      | Reached XP level 3. HP: 23/28 MP: 4/6
  2933 | D:2      | Slain by an adder

Skill      XL: |  1  2 |
---------------+-------+-----
Dodging        | 2 |  2.3
Fighting       | |  1.4
Short Blades   | |  0.7
Maces & Flails | |  0.5
Throwing       | |  0.6
Unarmed Combat | |  3.3
Spellcasting   | |  2.2
Transmutations | |  2.4

Action                   || total
-------------------------++-------
Melee: Club              ||    66
       Unarmed           ||    11
       Kick              ||     2
       Short sword       ||    75
       Tailslap          ||    17
       Headbutt          ||     4
       Punch             ||     1
Throw: Tomahawk          ||     9
 Cast: Beastly Appendage ||     7
  Eat: Chunk             ||     3
       Ration            ||     1
Armor: Skin              ||    45
Dodge: Dodged            ||   106
